Map: Oceanborn LE

Players

Dimov

  • Race: Protoss Protoss
  • Spawn Location: 11:00

Oles - Winner!

  • Race: Protoss Protoss
  • Spawn Location: 5:00

VOD

Have the link to the VOD?

Description

Time

  • Played on: Oct. 12, 2024, 3:06 p.m.
  • Length: 26:26
Show
View Real Time Build Order
Export as new Build Order

Dimov Protoss 

Build Orders: Carriers 

Get SALT Encoding   

  12  0:10  Assimilator  
  12  0:12  Probe  
  13  0:24  Probe  
  14  0:31  Pylon  
  14  0:35  Pylon  
  14  0:44  Pylon  
  14  0:50  Probe  
  15  0:59  Assimilator  
  15  1:02  Probe  
  16  1:15  Gateway  
  16  1:30  Probe, Forge  
  17  1:42  Probe  
  18  1:54  Probe  
  19  2:06  Probe  
  20  2:13  Pylon  
  20  2:15  Pylon  
  20  2:19  Pylon  
  22  2:30  Zealot  
  22  2:39  Probe  
  23  2:50  Probe  
  23  2:55  Zealot (Chrono Boost)  
  26  3:10  Probe  
  26  3:16  Nexus  
  27  3:22  Probe  
  28  3:34  Probe  
  28  3:39  Cybernetics Core  
  29  3:47  Probe  
  30  3:55  Photon Cannon  
  30  3:57  Photon Cannon  
  30  4:02  Photon Cannon  
  30  4:17  Photon Cannon  
  30  4:21  Photon Cannon  
  30  4:27  Probe  
  30  4:30  Probe  
  32  4:39  Probe  
  32  4:40  Warp Gate  
  33  4:52  Stargate  
  33  5:04  Pylon  
  33  5:06  Pylon  
  33  5:09  Pylon  
  33  5:15  Pylon  
  33  5:20  Probe  
  34  5:22  Pylon  
  34  5:23  Probe  
  35  5:32  Probe  
  37  5:35  Probe  
  37  5:44  Probe  
  37  5:47  Probe  
  37  5:49  Shield Battery  
  39  5:51  Shield Battery  
  39  5:56  Probe (Chrono Boost)  
  44  5:58  Shield Battery  
  44  5:59  Void Ray  
  44  6:03  Assimilator  
  44  6:05  Assimilator  
  44  6:08  Probe (Chrono Boost)  
  45  6:16  Probe (Chrono Boost)  
  46  6:22  Probe  
  47  6:33  Gateway  
  47  6:34  Probe  
  48  6:48  Probe  
  49  7:00  Probe  
  50  7:11  Stargate  
  50  7:12  Probe  
  50  7:15  Stargate  
  51  7:20  Photon Cannon  
  51  7:21  Photon Cannon  
  51  7:24  Probe, Photon Cannon  
  51  7:28  Photon Cannon  
  52  7:35  Fleet Beacon  
  52  7:42  Stalker x2  
  56  7:47  Nexus  
  56  7:54  Phoenix  
  62  7:59  Void Ray  
  66  8:09  Void Ray  
  66  8:19  Phoenix  
  68  8:25  Pylon  
  68  8:29  Pylon  
  68  8:31  Pylon  
  68  8:34  Pylon  
  68  8:37  Stalker  
  68  8:38  Pylon, Stalker  
  76  8:42  Void Ray  
  76  8:47  Carrier  
  86  8:57  Void Ray  
  86  9:08  Probe  
  87  9:15  Assimilator, Protoss Air Weapons Level 1  
  87  9:18  Assimilator  
  87  9:20  Probe  
  88  9:29  Twilight Council  
  88  9:32  Probe  
  88  9:33  Zealot  
  88  9:34  Zealot  
  93  9:40  Probe  
  93  9:44  Probe  
  95  9:56  Probe  
  96  10:01  Carrier x2  
  96  10:02  Tempest  
  113  10:08  Probe  
  114  10:20  Probe  
  115  10:32  Probe  
  116  10:41  Photon Cannon  
  116  10:43  Photon Cannon  
  116  10:46  Photon Cannon  
  116  10:48  Photon Cannon  
  116  10:50  Shield Battery  
  116  10:53  Dark Shrine, Shield Battery  
  116  10:59  Carrier x2  
  116  11:00  Carrier  
  135  11:18  Probe  
  135  11:23  Protoss Air Armor Level 1  
  135  11:30  Probe  
  136  11:42  Probe (Chrono Boost)  
  137  11:52  Probe (Chrono Boost)  
  138  12:01  Phoenix, Carrier  
  138  12:06  Void Ray  
  150  12:22  Pylon  
  150  12:25  Photon Cannon  
  150  12:26  Phoenix  
  150  12:27  Dark Templar x2  
  156  12:43  Phoenix  
  158  12:51  Phoenix  
  160  13:05  Phoenix  
  160  13:08  Phoenix  
  162  13:15  Phoenix  
  164  13:28  Stalker  
  164  13:29  Stalker  
  164  13:30  Carrier  
  164  13:33  Carrier  
  180  13:42  Pylon  
  180  13:44  Pylon  
  180  13:49  Pylon  
  180  13:59  Pylon  
  184  14:06  Void Ray  
  184  14:14  Nexus  
  182  14:38  Carrier  
  192  14:40  Void Ray  
  196  14:49  Void Ray  
  196  15:02  Pylon  
  196  15:05  Photon Cannon  
  196  15:06  Pylon  
  196  15:08  Photon Cannon  
  196  15:15  Photon Cannon  
  196  15:17  Photon Cannon  
  196  15:19  Photon Cannon  
  196  15:20  Photon Cannon  
  196  15:21  Photon Cannon  
  196  15:22  Photon Cannon  
  196  15:23  Photon Cannon  
  196  15:28  Photon Cannon  
  200  15:30  Photon Cannon  
  200  15:32  Photon Cannon, Void Ray  
  200  15:33  Photon Cannon  
  200  15:35  Photon Cannon  
  200  17:00  Assimilator  
  200  17:03  Photon Cannon  
  200  17:04  Photon Cannon, Assimilator  
  200  17:06  Photon Cannon  
  200  17:07  Photon Cannon  
  200  17:08  Photon Cannon  
  200  17:09  Photon Cannon  
  200  17:11  Photon Cannon  
  200  17:14  Photon Cannon  
  200  17:15  Photon Cannon  
  200  17:17  Photon Cannon  
  200  17:22  Photon Cannon  
  200  17:23  Photon Cannon  
  200  17:24  Photon Cannon  
  200  17:26  Shield Battery  
  200  17:29  Shield Battery  
  200  17:30  Shield Battery  
  200  17:32  Shield Battery  
  200  17:35  Shield Battery  
  200  17:46  Photon Cannon  
  200  17:48  Photon Cannon  
  200  17:49  Photon Cannon  
  188  18:04  Carrier x3  
  148  18:48  Photon Cannon  
  148  18:49  Photon Cannon  
  148  18:50  Photon Cannon  
  148  18:52  Photon Cannon  
  148  18:53  Photon Cannon  
  148  18:55  Photon Cannon x2  
  148  18:56  Photon Cannon  
  148  18:58  Photon Cannon  
  148  18:59  Photon Cannon  
  148  19:01  Photon Cannon  
  148  19:03  Photon Cannon  
  148  19:04  Shield Battery  
  148  19:05  Carrier x2 (Chrono Boost), Shield Battery  
  164  19:15  Void Ray (Chrono Boost)  
  170  19:49  Void Ray (Chrono Boost)  
  170  19:50  Mothership (Chrono Boost)  
  182  20:08  Void Ray x2  
  182  20:09  Protoss Air Weapons Level 2  
  182  20:24  Void Ray  
  186  20:41  Void Ray x2  
  194  20:57  Carrier  
  159  21:50  Carrier x2 (Chrono Boost)  
  155  21:59  Carrier (Chrono Boost)  
  89  22:21  Stalker  
  89  22:22  Stalker  
  79  22:44  Carrier (Chrono Boost)  
  40  24:40  Pylon  
  40  24:41  Pylon  
  40  24:43  Pylon  
  34  24:45  Pylon  
  34  24:47  Pylon  
  34  24:50  Pylon  
  34  24:52  Pylon  
  31  25:15  Nexus  
  30  25:48  Pylon  
  30  25:49  Pylon x4  
  30  25:51  Pylon  
  30  25:57  Assimilator x2  
Show
View Real Time Build Order
Export as new Build Order

Oles Protoss - Winner!

Build Orders: Carriers 

Get SALT Encoding   

  12  0:15  Probe (Chrono Boost)  
  12  0:17  Pylon  
  13  0:25  Probe (Chrono Boost)  
  14  0:30  Probe (Chrono Boost)  
  15  0:41  Probe  
  16  0:45  Gateway  
  16  0:54  Probe  
  17  1:06  Probe, Forge  
  18  1:13  Pylon  
  18  1:16  Assimilator  
  18  1:20  Assimilator  
  18  1:42  Cybernetics Core  
  18  1:49  Probe (Chrono Boost)  
  19  2:00  Zealot (Chrono Boost)  
  19  2:01  Probe (Chrono Boost)  
  22  2:06  Probe (Chrono Boost)  
  23  2:15  Probe  
  24  2:22  Zealot (Chrono Boost)  
  26  2:27  Probe  
  27  2:50  Nexus  
  27  3:08  Pylon  
  27  3:13  Pylon  
  27  3:17  Pylon  
  27  3:22  Warp Gate (Chrono Boost)  
  27  3:40  Stargate  
  27  3:42  Stargate  
  27  3:45  Stargate  
  27  4:11  Probe (Chrono Boost)  
  28  4:21  Probe (Chrono Boost)  
  28  4:23  Assimilator  
  29  4:25  Assimilator  
  29  4:26  Probe (Chrono Boost)  
  30  4:37  Probe, Photon Cannon  
  31  4:38  Photon Cannon  
  31  4:43  Photon Cannon  
  31  4:45  Photon Cannon  
  31  4:49  Probe  
  32  5:01  Probe  
  33  5:10  Protoss Air Weapons Level 1  
  33  5:13  Probe  
  34  5:21  Fleet Beacon  
  34  5:25  Probe  
  39  5:37  Probe (Chrono Boost)  
  39  5:41  Void Ray  
  44  5:46  Void Ray  
  45  5:50  Probe (Chrono Boost)  
  45  5:57  Probe (Chrono Boost)  
  45  5:59  Pylon  
  45  6:02  Pylon  
  46  6:04  Probe  
  47  6:16  Probe  
  48  6:21  Robotics Facility  
  48  6:39  Gateway  
  48  6:40  Gateway  
  48  6:41  Carrier  
  48  6:44  Carrier  
  60  6:52  Probe  
  61  7:04  Probe  
  62  7:16  Probe  
  62  7:18  Protoss Air Armor Level 1 (Chrono Boost)  
  63  7:26  Photon Cannon  
  63  7:28  Probe  
  63  7:29  Photon Cannon  
  64  7:32  Photon Cannon  
  64  7:34  Photon Cannon  
  64  7:35  Photon Cannon  
  64  7:40  Probe  
  64  7:42  Photon Cannon  
  65  7:45  Photon Cannon  
  65  7:50  Photon Cannon  
  73  8:14  Void Ray x2  
  77  8:22  Void Ray  
  77  8:42  Nexus  
  77  8:53  Observer (Chrono Boost)  
  78  9:07  Observer (Chrono Boost)  
  79  9:18  Observer  
  79  9:20  Protoss Air Weapons Level 2 (Chrono Boost)  
  92  10:10  Void Ray x3  
  92  10:26  Assimilator  
  92  10:28  Assimilator  
  92  10:37  Pylon  
  92  10:40  Pylon  
  92  10:47  Carrier  
  98  10:55  Carrier  
  104  11:02  Pylon  
  104  11:05  Pylon  
  104  11:10  Pylon  
  104  11:12  Pylon  
  104  11:15  Pylon  
  104  11:19  Pylon  
  104  11:22  Pylon  
  104  11:23  Carrier  
  110  11:43  Protoss Air Armor Level 2 (Chrono Boost)  
  110  11:49  Photon Cannon  
  110  11:50  Photon Cannon  
  110  11:51  Carrier  
  110  11:53  Photon Cannon  
  116  11:55  Photon Cannon  
  116  11:58  Photon Cannon  
  116  11:59  Carrier  
  116  12:00  Photon Cannon  
  122  12:02  Photon Cannon  
  122  12:05  Photon Cannon  
  126  12:33  Void Ray  
  126  12:35  Probe (Chrono Boost)  
  127  12:45  Probe (Chrono Boost)  
  127  12:50  Probe (Chrono Boost)  
  128  12:55  Carrier  
  135  13:02  Probe  
  135  13:03  Carrier  
  142  13:10  Carrier  
  148  13:14  Probe  
  148  13:18  Probe  
  150  13:26  Probe  
  151  13:50  Probe (Chrono Boost)  
  152  14:01  Probe (Chrono Boost)  
  157  14:05  Void Ray  
  157  14:06  Probe (Chrono Boost)  
  157  14:08  Carrier  
  164  14:12  Protoss Air Weapons Level 3 (Chrono Boost)  
  164  14:16  Probe  
  169  14:20  Void Ray  
  169  14:27  Photon Cannon  
  169  14:28  Probe  
  169  14:30  Photon Cannon  
  170  14:34  Photon Cannon  
  170  14:50  Pylon  
  170  14:55  Pylon  
  170  14:58  Pylon  
  170  15:01  Pylon  
  170  15:14  Void Ray  
  174  15:15  Photon Cannon  
  174  15:22  Photon Cannon  
  174  15:25  Photon Cannon  
  182  15:37  Void Ray (Chrono Boost)  
  182  15:38  Void Ray (Chrono Boost)  
  182  15:48  Carrier (Chrono Boost)  
  188  16:08  Carrier (Chrono Boost)  
  198  16:12  Void Ray (Chrono Boost)  
  198  16:13  Observer  
  198  17:09  Protoss Air Armor Level 3  
  198  17:54  Photon Cannon  
  198  17:58  Photon Cannon  
  198  18:03  Photon Cannon  
  192  18:07  Photon Cannon  
  192  18:10  Photon Cannon  
  192  18:12  Photon Cannon  
  186  18:14  Photon Cannon  
  174  19:01  Photon Cannon  
  174  19:02  Photon Cannon  
  174  19:05  Photon Cannon  
  174  19:06  Photon Cannon  
  174  19:11  Photon Cannon  
  174  19:15  Photon Cannon  
  174  19:16  Photon Cannon  
  186  19:18  Photon Cannon x2  
  186  19:22  Void Ray x3  
  186  19:23  Photon Cannon  
  186  19:26  Photon Cannon  
  186  19:28  Photon Cannon  
  186  19:32  Photon Cannon  
  186  19:36  Photon Cannon  
  186  19:39  Photon Cannon  
  186  19:59  Carrier  
  198  20:00  Carrier  
  198  20:16  Nexus  
  198  20:45  Photon Cannon  
  198  20:48  Photon Cannon  
  198  20:49  Photon Cannon  
  198  20:52  Photon Cannon  
  198  20:56  Photon Cannon  
  164  22:17  Void Ray x3  
  143  23:00  Void Ray x3  
  155  23:43  Void Ray x3  
  167  24:25  Void Ray  
  167  24:26  Void Ray x2  
  171  25:08  Void Ray  
Tags
 
Composition
CarriersCarriers
Matchup
PvP
Spawn Locations
Cross Positions
Add a new tag
Caveats
  • Supply blocks, unpowered buildings, or Contaminate may cause inaccurate times.
  • Supply counts are checked every 10 seconds.